 Dungeon Crawl Stone Soup version 0.31-a0-1539-g569d6c7dce (webtiles) character file.

Game seed: 1688741534184781257

16 kae the Vexing (level 2, 0/20 HPs)
             Began as a Demonspawn Enchanter on Jan 1, 2024.
             Slain by a gnoll
             ... wielding a +0 flail
              (13 damage)
             ... on level 1 of the Dungeon.
             The game lasted 00:00:22 (469 turns).

kae the Vexing (Demonspawn Enchanter)                Turns: 469, Time: 00:00:23

Health: 0/20       AC:  4    Str:  8    XL:     2   Next: 37%
Magic:  5/5        EV: 12    Int: 15    God:
Gold:   117        SH:  0    Dex: 13    Spells: 5/5 levels left

rFire   . . .        a - +1 dagger
rCold   . . .        (no shield)
rNeg    . . .        b - +0 robe
rPois   .            (no helmet)
rElec   .            (no cloak)
rCorr   .            (no gloves)
SInv    .            (no boots)
Will    .....        (no amulet)
Stlth   ++           (no ring)
HPRegen 0.23/turn    (no ring)
MPRegen 0.09/turn

%: no passive effects
@: no status effects
A: yellow scales 1
a: no special abilities


You were on level 1 of the Dungeon.
You visited 1 branch of the dungeon, and saw 1 of its levels.

You collected 117 gold pieces.


Innate Abilities, Weirdness & Mutations

You are partially covered in yellow scales. (AC +2)


   Skills:
 + Level 0.5 Fighting
 * Level 1.3 Short Blades
 - Level 1.7 Dodging
 * Level 3.0 Stealth
 + Level 2.1 Spellcasting
 + Level 3.1 Hexes


You had 5 spell levels left.
You didn't know any spells.
Your spell library contained the following spells:

 Spells                   Type           Power      Damage    Failure   Level
 Ensorcelled Hibernation  Hex/Ice        12%        N/A       17%         2
 Confusing Touch          Hex            10%        N/A       19%         3
 Tukima's Dance           Hex            10%        N/A       19%         3
 Scorch                   Fire           2%         2d5       32%         2
 Dazzling Flash           Conj/Hex       12%        N/A       34%         3
 Flame Wave               Conj/Fire      1%         2d4       91%         4
 Summon Cactus Giant      Summ           0%         N/A       100%        6

Inventory:

Hand Weapons
 a - a +1 dagger (weapon)
Missiles
 d - 3 stones
 h - 2 poisoned darts
Armour
 b - a +0 robe (worn)
Magical Staves
 f - a staff of fire {!a}
   (You found it on level 1 of the Dungeon)
Scrolls
 g - 2 scrolls of enchant weapon {unknown}
 i - 2 scrolls of revelation {unknown}
Potions
 c - 2 potions of invisibility
 e - a potion of heal wounds {unknown}

Dungeon Overview and Level Annotations

Branches:
Dungeon (1/15) Zot: 5533

Altars:

#.######..#.# #............
########..#.. ### #.##.#
..# #.##.# ## #.# #.##.# .
#.# ###.##.# #. #g#
#.......
#.########@##.######.#....#
#....$†...................#
###.######.#########.#...##
### #.# ...# #....... ..#
#.# .....# ###.#### #.# #.#
##.l.## #.# # #.# #.# ##.##
#.# # ..# #.# #.# #.# # #.#
#.# #.# #[# #


You could see a gnoll and a frilled lizard.


Message History

a +0 dagger; a goblin corpse; a rat corpse 😨 HP[+1]
You start resting. 😕 HP[+9]
You regained 9 hp, and now have 17/20 hp.
You now have 60 gold pieces (gained 10).
You now have 67 gold pieces (gained 7).
A quokka comes into view. 😎 HP[+3]
Your hp is fully restored (20).
A quokka is nearby!
A quokka is nearby!
The quokka bites you.
You hit the quokka. The quokka closely misses you. 😕 HP[-2]
You take 2 damage, and now have 18/20 hp.
A quokka is nearby!
You hit the quokka. The quokka barely misses you.
The quokka twitches its whiskers.
The quokka barely misses you.
You closely miss the quokka. The quokka closely misses you.
A quokka is nearby!
You hit the quokka. The quokka closely misses you.
You hit the quokka.
You kill the quokka!
Things that are here:
a +0 dagger; a goblin corpse; a rat corpse A hobgoblin comes into view. 😎 HP[+2]
Your hp is fully restored (20).
You see here 10 gold pieces.
A hobgoblin is nearby!
A hobgoblin is nearby!
The helpless hobgoblin fails to defend itself.
You puncture the hobgoblin!
You kill the hobgoblin!
Your Stealth skill increases to level 3!
You now have 77 gold pieces (gained 10).
Key pressed, stopping explore.
No target in view!
No target in view!
Key pressed, stopping explore.
No target in view!
No target in view!
Key pressed, stopping explore.
No target in view!
No target in view!
You pick up a book of Scorching and begin reading...
You add the spells Scorch, Flame Wave and Summon Cactus Giant to your library.
No target in view!
No target in view!
There is a shaft here.
You now have 88 gold pieces (gained 11).
i - 2 scrolls labelled VOMUIF RICORPH No target in view!
No target in view!
You now have 97 gold pieces (gained 9).
You now have 103 gold pieces (gained 6).
g - 2 scrolls labelled CABIPNONWEE (gained 1)
Found a stone staircase leading down.
No target in view!
No target in view!
You now have 117 gold pieces (gained 14).
There is a stone staircase leading down here.
A ball python comes into view.
An endoplasm comes into view.
You see here 18 gold pieces.
There are monsters nearby!
The helpless ball python fails to defend itself.
You puncture the ball python!
You kill the ball python!
You see here a ball python corpse.
An endoplasm is nearby!
An endoplasm is nearby!
A gnoll and a frilled lizard come into view.
The gnoll shouts!
The endoplasm quivers.
You hear a shout!
There are monsters nearby!
There are monsters nearby!
You hit the endoplasm.
The endoplasm hits you but does no damage.
You hit the endoplasm.
You kill the endoplasm!
The frilled lizard hisses angrily.
There are monsters nearby!
The gnoll hits you with a +0 flail!
You see here 13 gold pieces.
You are too injured to fight recklessly! 😮 HP[-8]
You take 8 damage, and now have 12/20 hp.
MASSIVE DAMAGE!! (PAUSE)
You don't know any spells.
You don't know any spells.
Unknown command.
You closely miss the gnoll.
The gnoll hits you but does no damage. 😮 HP[+1]
You hit the gnoll. The gnoll hits you with a +0 flail!
Ouch! That really hurt!
You die...

Skill      XL: |  1  2 |
---------------+-------+-----
Short Blades   | 1 |  1.3
Stealth        | 3 |  3.0
Fighting       | |  0.5
Dodging        | |  1.7
Spellcasting   | |  2.1
Hexes          | |  3.1

Action                     || total
---------------------------++-------
  Melee: Dagger            ||    54
   Stab: Sleeping          ||     2
 Armour: Robe              ||    22
  Dodge: Dodged            ||    26

Levels and vault maps discovered:
D:1:      pf_arrival_petrified_forest, layout_loops_ring, st_stairs_5

Notes
Turn   | Place    | Note
-------+----------+-------------------------------------------
     0 | D:1      | kae the Demonspawn Enchanter began the quest for the Orb.
     0 | D:1      | Reached XP level 1. HP: 13/13 MP: 3/3
     0 | D:1      | magus.rc [v1.11.3]
   115 | D:1      | Reached skill level 1 in Short Blades
   188 | D:1      | HP: 3/13 [goblin/+0 dagger (2)]
   190 | D:1      | Gained mutation: You are partially covered in yellow
                  | scales. (AC +2) [demonic ancestry]
   190 | D:1      | Reached XP level 2. HP: 5/20 MP: 5/5
   323 | D:1      | Reached skill level 3 in Stealth
   393 | D:1      | You pick up a book of Scorching and begin reading...
   393 | D:1      | You add the spells Scorch, Flame Wave and Summon Cactus
                  | Giant to your library.
   469 | D:1      | Slain by a gnoll

Vanquished Creatures
  A dart slug (D:1)
  An endoplasm (D:1)
  3 hobgoblins (D:1)
  A quokka (D:1)
  A ball python (D:1)
  A frilled lizard (D:1)
  3 goblins (D:1)
  A kobold (D:1)
  A rat (D:1)
13 creatures vanquished.

Table legend:
 A = Non-vault XP
 B = Vault XP
 C = Vault XP percentage of total XP
 D = Non-vault monster count
 E = Vault monster count
 F = Vault count percentage of total count
                 A         B        C        D         E       F
            +---------+---------+-------+---------+---------+-------
      Total |      20 |       3 |  13.0 |      11 |       2 |  15.4
            +---------+---------+-------+---------+---------+-------
        D:1 |      20 |       3 |  13.0 |      11 |       2 |  15.4
            +---------+---------+-------+---------+---------+-------

Skill      XL: |  1  2 |
---------------+-------+-----
Short Blades   | 1 |  1.3
Stealth        | 3 |  3.0
Fighting       | |  0.5
Dodging        | |  1.7
Spellcasting   | |  2.1
Hexes          | |  3.1

Action                     || total
---------------------------++-------
  Melee: Dagger            ||    54
   Stab: Sleeping          ||     2
 Armour: Robe              ||    22
  Dodge: Dodged            ||    26

Illustrated notes

Table legend:
 A = Kills in this place as a percentage of kills in the entire game.
 B = Kills by you in this place as a percentage of kills by you in the entire game.
 C = Kills by friends in this place as a percentage of kills by friends in the entire game.
 D = Other kills in this place as a percentage of other kills in the entire game.
 E = Experience gained in this place as a percentage of experience gained in the entire game.
 F = Experience gained in this place divided by the number of levels of this place that you have seen.
                   A       B       C       D       E      F
               +-------+-------+-------+-------+-------+----------------------
         Total | 100.0 | 100.0 |   N/A |   N/A | 100.0 |  23.0
       Dungeon | 100.0 | 100.0 |   N/A |   N/A | 100.0 |  23.0
               +-------+-------+-------+-------+-------+----------------------

Table legend: (Time is in decaauts)
 A = Elapsed time spent in this place.
 B = Non-inter-level travel time spent in this place.
 C = Inter-level travel time spent in this place.
 D = Time resting spent in this place.
 E = Time spent auto-exploring this place.
 F = Levels seen in this place.
 G = Mean time per level.
                   A        B        C        D        E       F      G
               +--------+--------+--------+--------+--------+-----+--------+
         Total |    466 |    466 |      0 |     61 |    305 |   1 |  466.0 |
       Dungeon |    466 |    466 |      0 |     61 |    305 |   1 |  466.0 |
               +--------+--------+--------+--------+--------+-----+--------+

Top non-repeatable levels by time:
     D:1: 466 daAuts
